 Dungeon Crawl Stone Soup version 0.31.0 (webtiles) character file.

Game seed: 9764439335135405963

134750 kittinger the Peltast (level 17, -6/149 HPs)
             Began as a Hill Orc Fighter on Jan 18, 2024.
             Was the Champion of Beogh.
             Constricted to death by a shambling mangrove (19 damage)
             ... on level 4 of the Swamp on Jan 19, 2024.
             The game lasted 02:28:34 (33587 turns).

kittinger the Peltast (Hill Orc Fighter)           Turns: 33587, Time: 02:28:36

Health: -6/149     AC: 43    Str: 27    XL:     17   Next: 17%
Magic:  0/27       EV:  3    Int:  8    God:    Beogh [******]
Gold:   966        SH: 18    Dex: 10    Spells: 16/16 levels left

rFire   + + +        k - +4 war axe (protect)
rCold   x . .        D - +0 kite shield
rNeg    . . .        c - +4 crystal plate armour
rPois   +            x - +1 helmet
rElec   .            r - +2 cloak
rCorr   .            V - +0 pair of gloves {infuse}
SInv    .            (no boots)
Will    .....        n - amulet "Golipp" {Reflect -Cast Fly rF+++ SH+5} Stlth
                     Y - ring of Tinadd {Fire rPois}
HPRegen 0.44/turn    U - ring of poison resistance
MPRegen 0.20/turn

%: no spellcasting, reflection
@: weak-willed, grasped by roots, under a protective aura, flying, constricted
A: walk on water, wild magic 1
a: Renounce Religion, Smiting, Recall Orcish Followers, Give Item to Named
Follower, Resurrection


You were on level 4 of the Swamp.
You worshipped Beogh.
Beogh was exalted by your worship.
You visited 5 branches of the dungeon, and saw 27 of its levels.
You also visited: Sewer and Ossuary.

You collected 3625 gold pieces.
You spent 2659 gold pieces at shops.

Inventory:

Hand Weapons
 k - a +4 war axe of protection (weapon)
 m - a +2 long sword of freezing
 A - a +4 morningstar of freezing
Armour
 c - a +4 crystal plate armour (worn)
 g - a scarf of resistance
 r - a +2 cloak (worn)
 x - a +1 helmet (worn)
 B - +3 shadow dragon scales
 D - a +0 kite shield (worn)
 V - a +0 pair of gloves of infusion (worn)
Jewellery
 n - the amulet "Golipp" (around neck) {Reflect -Cast Fly rF+++ SH+5}
   (You found it on level 8 of the Dungeon)

   [amulet of reflection]

   Reflect:   It reflects blocked missile attacks.
   rF+++:     It renders you almost immune to fire.
   Fly:       It grants you flight.
   -Cast:     It prevents spellcasting.
   SH+5:      It affects your SH (+5).
 o - an amulet of faith
 U - a ring of poison resistance (right hand)
 X - a +5 ring of evasion
 Y - the ring of Tinadd (left hand) {Fire rPois}
   (You found it on level 12 of the Dungeon)

   [ring of fire]

   Fire:      It enhances your fire magic.
   rF+:       It protects you from fire.
   rC-:       It makes you vulnerable to cold.
   rPois:     It protects you from poison
 Z - a ring of protection from fire
Wands
 d - a wand of flame (65)
 f - a wand of mindburst (6)
 v - a wand of paralysis (46)
 R - a wand of quicksilver (4)
 T - a wand of roots (1)
 W - a wand of polymorph (6)
Scrolls
 a - a scroll of blinking
 h - 17 scrolls of teleportation
 p - 3 scrolls of revelation
 t - 2 scrolls of vulnerability
 y - 7 scrolls of fog
 E - 5 scrolls of immolation
 F - 3 scrolls of fear
 H - 2 scrolls of torment
 I - a scroll of butterflies
 K - 3 scrolls of identify
 M - a scroll of brand weapon
 Q - 4 scrolls of poison
Potions
 b - 2 potions of attraction {unknown}
 e - a potion of invisibility
 i - a potion of berserk rage
 l - 3 potions of lignification
 q - 2 potions of enlightenment
 s - a potion of cancellation
 w - 4 potions of resistance
 z - 6 potions of curing
 C - 2 potions of haste
 G - 4 potions of degeneration {unknown}
 J - 2 potions of brilliance
 N - 3 potions of mutation
 O - 8 potions of ambrosia
 P - a potion of might
Miscellaneous
 j - a lightning rod (4/4) (quivered)
 u - a phantom mirror


   Skills:
 + Level 13.0 Fighting
 - Level 16.0(18.3) Axes
 - Level 12.6(15.1) Maces & Flails
 + Level 15.7 Armour
 - Level 0.8 Stealth
 - Level 17.5 Shields
 + Level 14.1 Invocations
 - Level 0.3 Evocations


You had 16 spell levels left.
You didn't know any spells.
Your spell library contained the following spells:

 Spells                   Type           Power      Damage    Failure   Level
 Kiss of Death            Conj/Necr      0%         2d5       100%        1
 Necrotise                Necr           0%         1d4       100%        1
 Sting                    Conj/Alch      0%         1d3       100%        1
 Static Discharge         Conj/Air       0%         3-3/arc   100%        2
 Dazzling Flash           Conj/Hex       0%         N/A       100%        3
 Mephitic Cloud           Conj/Alch/Air  0%         N/A       100%        3
 Tukima's Dance           Hex            0%         N/A       100%        3
 Vampiric Draining        Necr           0%         2d6       100%        3
 Airstrike                Air            0%         2d(0-16)  100%        4
 Martyr's Knell           Necr/Summ      0%         N/A       100%        4
 Passage of Golubria      Tloc           0%         N/A       100%        4
 Summon Lightning Spire   Summ/Air       0%         N/A       100%        4
 Curse of Agony           Necr           0%         N/A       100%        5
 Freezing Cloud           Conj/Ice/Air   0%         6-21      100%        5
 Irradiate                Conj/Alch      0%         3d11      100%        5
 Silence                  Hex/Air        0%         N/A       100%        5
 Summon Forest            Summ/Tloc      0%         N/A       100%        5
 Yara's Violent Unravell  Hex/Alch       0%         3d3       100%        5
 Eringya's Noxious Bog    Alch           0%         4d6       100%        6
 Summon Hydra             Summ           0%         N/A       100%        7


Dungeon Overview and Level Annotations

Branches:
Dungeon (15/15)            Temple (0/1) D:5            Lair (5/5) D:10
  Swamp (4/4) Lair:3        Snake (1/4) Lair:3        Slime (0/5) Lair:5
    Orc (2/2) D:10            Elf (0/3) Orc:2        Vaults (0/5) D:13
 Depths (0/4) D:15          Sewer (visited)         Ossuary (visited)

Altars:
Ashenzari
Cheibriados
Elyvilon
Fedhas
Kikubaaqudgha
Makhleb
Nemelex Xobeh
Qazlal
Vehumet
Xom
Yredelemnul
Zin
Beogh
Jiyva

Shops:
D:9 :([*   Orc:2 [:(:

Annotations:
Snake:1 Louise


Innate Abilities, Weirdness & Mutations

You can walk on water.
Your spells are a little harder to cast, but a little more powerful.


Message History

The alligator barely misses you. The alligator bites you!
* * * LOW HITPOINT WARNING * * *
The phantasmal warrior hits you!
* * * LOW HITPOINT WARNING * * *
Your willpower is stripped away!
The grasping roots constrict Urtork.
You feel much better. You block the alligator's attack. x2
Urtork struggles to escape constriction.
You block the phantasmal warrior's attack.
Roots burst forth from the earth!
The grasping roots grab you!
The grasping roots constrict Urtork!
The grasping roots constrict you.
You slash the alligator!
The alligator is heavily wounded.
You slash the phantasmal warrior! You block the alligator's attack. x2
The phantasmal warrior hits you!
* * * LOW HITPOINT WARNING * * *
Blodwig unwields a +1 orcbow.
Blodwig wields a +3 halberd of venom.
It begins to drip with poison!
Blodwig hits the alligator with a +3 halberd of venom!!
The alligator dies!
Beogh accepts your kill.
The roots grasp on you weakens, but your attempt to escape fails.
Urtork escapes!
The grasping roots constrict you!
* * * LOW HITPOINT WARNING * * *
The phantasmal warrior hits you but does no damage.
Unknown command.
You closely miss the swamp worm. You hit the phantasmal warrior.
Blodwig hits the phantasmal warrior with a +3 halberd of venom!
Urtork hits the shambling mangrove with the +8 hand axe "Bukaz" {flame, ^Contam rC+ rN+++ Stlth+}!
Urtork burns the shambling mangrove.
The phantasmal warrior hits you!
* * * LOW HITPOINT WARNING * * *
Unknown command.
You hit the phantasmal warrior but do no damage.
The phantasmal warrior is moderately damaged.
You slash the swamp worm!
Gorg no longer looks unusually strong.
The swamp worm bites you but does no damage.
The grasping roots constrict you!!
You die...

.~. .. ###♣. ♣~~ ♣♣ #.# ##..~~
♣..♣♣♣♣.♣♣.~# ###~..)~ ~~~~(#
♣.)...~♣.~.. #~...~.. ~.~..~#
♣..o~...~♣ #♣..$.... .~.~.~~♣#
#~)~~♣.~♣ ##....[...
..~...~~#♣ ♣f†~~.# ♣♣~~...♣..♣
~~~......# #~oo~♣###~....~...♣
♣~~...~~~♣♣♣#@o###♣..~.~~....♣
~.~§~.†.~.♣♣#wW.##.~~.~...~.?~
~.~.~~...~~~.†..~~~......~$~.♣
~.~~..~....††.~~.~~...~†..~~♣♣
......~....~†...~..~....~...~♣
.~.......~.†..~~.....~..~~§.~♣
~~.~~.~..§..~..^...~.~~.~♣.~..
.....~..~..~.......†♣..~.~~~.~
..~......~....~.~~.~~§~.~...~.


You could see a shambling mangrove (ally target), a phantasmal warrior (ally
target), a swamp worm (ally target), the friendly Blodwig the orc warlord
(strong), the friendly Bogwik the orc warlord (strong), the friendly Urtork the
orc warlord (strong) and the friendly Gorg the orc knight.

Vanquished Creatures
  Frances (D:14)
  Kirke (D:14)
  A hydra zombie (Swamp:4)
  An orc warlord (Orc:1)
  A stone giant (D:15)
  An eleionoma (Swamp:2)
  A dire elephant (Lair:2)
  A shambling mangrove (Swamp:2)
  Erolcha (D:10)
  2 ogre magi
  A ghost crab (Swamp:4)
  7 hydras
  A catoblepas (Lair:4)
  3 centaur warriors
  12 two-headed ogres
  2 alligators
  A tengu warrior (D:15)
  A boulder beetle (D:12)
  A spriggan berserker (Swamp:4)
  Urug (D:10)
  A skeletal warrior (D:12)
  A skyshark (Lair:2)
  3 goliath frogs
  A spriggan druid (Swamp:1)
  A bog body (Swamp:2)
  A spectral hydra (Swamp:4)
  2 swamp dragons
  A lindwurm (Lair:5)
  A deep elf pyromancer (D:15)
  An ugly thing (D:10)
  4 will-o-the-wisps
  Maurice (D:7)
  3 cyclopes
  3 manticores
  6 elephants
  A kobold blastminer (Orc:1)
  2 black mambas
  2 torpor snails (Lair:5)
  A gargoyle (D:12)
  4 cane toads
  5 komodo dragons
  A freezing wraith (D:14)
  A kobold demonologist (D:12)
  2 rime drakes
  Psyche (D:9)
  A queen bee (Lair:1)
  A merfolk (D:12)
  Grinder (D:4)
  7 trolls
  3 polar bears
  Prince Ribbit (D:7)
  A tyrant leech (Swamp:3)
  11 hornets
  2 raiju (D:7)
  14 blink frogs
  A slime creature (D:14)
  A vampire (D:14)
  5 spriggans
  3 wyverns
  A shadow (D:10)
  A centaur simulacrum (D:14)
  8 humans (D:12)
  3 steam dragons
  26 yaks
  3 wraiths
  6 basilisks
  7 hogs (D:14)
  8 vampire mosquitoes
  A naga (Lair:3)
  5 acid dragons
  11 swamp worms
  A hydra simulacrum (Swamp:4)
  7 water moccasins
  11 orc warriors
  A swamp drake (Swamp:4)
  A black bear (D:6)
  2 sky beasts
  2 ice beasts (D:5)
  4 laughing skulls
  14 ogres
  2 wolves (Lair:2)
  6 centaurs
  2 phantoms
  5 kobold brigands
  8 bullfrogs
  2 scorpions
  3 gnoll sergeants (D:10)
  10 wights
  21 killer bees
  2 howler monkeys (D:11)
  5 electric eels
  4 bullfrog zombies (Ossuary)
  3 hounds
  6 orc priests
  Crazy Yiuf (D:4)
  2 bombardier beetles
  A jelly (D:7)
  6 mummies (Ossuary)
  Ijyb (D:3)
  Natasha (thrice) (D:2)
  4 hell rats (Lair:5)
  3 iguanas
  A sleepcap (D:5)
  7 orc wizards
  4 crocodile zombies (Ossuary)
  2 hound zombies (Ossuary)
  4 howler monkey zombies (Ossuary)
  13 gnolls
  10 adders
  A river rat (D:3)
  A swamp drake skeleton (Swamp:4)
  2 white imps
  4 ufetubi
  15 dart slugs
  2 ribbon worms
  35 orcs
  15 ball pythons
  11 endoplasms
  17 giant cockroaches
  18 goblins
  11 hobgoblins
  2 jackals (D:1)
  27 kobolds
  2 quokkas
  3 ball python zombies (Ossuary)
  3 bats
  12 frilled lizards
  2 rats (D:3)
590 creatures vanquished.

Vanquished Creatures (collateral kills)
  Rupert (Orc:2)
  Jorgrun (Swamp:1)
  2 thorn hunters
  The ghost of Gokhumny the Blocker, an adept GnFi of Okawaru (Swamp:3)
  2 ghouls (Swamp:4)
  The ghost of Uvvog the Reanimator, a journeyman GnNe of Gozag (D:12)
  2 dire elephants
  2 eleionomae (Swamp:1)
  4 bunyips
  3 shambling mangroves
  An entropy weaver (D:13)
  An ice dragon (Lair:5)
  A vault guard (D:13)
  11 hydras
  A death knight (D:15)
  4 ogre magi
  8 alligators
  4 centaur warriors
  3 ghost crabs
  A boulder beetle (D:14)
  2 catoblepae
  A tengu warrior (D:15)
  3 death yaks (Lair:5)
  16 two-headed ogres
  6 spriggans
  2 skysharks
  2 skeletal warriors (D:12)
  2 goliath frogs
  5 spriggan druids
  3 swamp dragons (Swamp:4)
  4 spectral hydras (Swamp:4)
  2 lindwurms (Lair:5)
  2 arcanists (D:14)
  2 orc knights
  2 bog bodies (Swamp:1)
  2 phantasmal warriors
  A necromancer (D:12)
  A deep elf pyromancer (D:13)
  An ugly thing (D:12)
  A will-o-the-wisp (Swamp:3)
  A salamander (Lair:3)
  A manticore (Lair:5)
  A cyclops (D:12)
  7 black mambas
  2 kobold blastminers
  13 elephants
  7 cane toads
  6 torpor snails
  A rime drake (Lair:2)
  4 komodo dragons
  2 freezing wraiths (D:15)
  A bloated husk (Swamp:1)
  2 merfolk (D:12)
  A troll (shapeshifter) (D:15)
  13 hornets
  5 tyrant leeches
  3 hydra skeletons (Swamp:4)
  30 blink frogs
  15 dream sheep
  A shadow (D:13)
  3 wyverns
  7 slime creatures
  36 yaks
  2 wraiths
  2 humans (D:12)
  2 basilisks
  11 vampire mosquitoes
  2 nagas (Lair:3)
  10 swamp worms
  An acid dragon (D:14)
  7 water moccasins
  9 orc warriors
  10 swamp drakes
  2 black bears
  21 ogres (Orc:2)
  2 laughing skulls (D:15)
  4 centaurs (D:13)
  6 wolves (Lair:2)
  4 bullfrogs
  A scorpion (Lair:3)
  9 killer bees (Lair:1)
  A howler monkey (D:11)
  6 orc priests
  An orc wizard (D:11)
  3 hell rats (Lair:5)
  2 swamp drake zombies (Swamp:4)
  10 orcs
404 creatures vanquished.

Vanquished Creatures (others)
  An orc warlord (Swamp:1)
  6 orc knights
  A manticore (D:10)
  2 bloated husks
  An unseen horror simulacrum (D:10)
  A basilisk (D:10)
  8 orc warriors
  8 orc priests
  4 orc wizards
  28 orcs
  15 foxfires
75 creatures vanquished.

Grand Total: 1069 creatures vanquished

Notes
Turn   | Place    | Note
-------+----------+-------------------------------------------
     0 | D:1      | kittinger the Hill Orc Fighter began the quest for the Orb.
     0 | D:1      | Reached XP level 1. HP: 19/19 MP: 1/1
    62 | D:1      | Reached XP level 2. HP: 25/27 MP: 2/2
   230 | D:1      | Reached XP level 3. HP: 23/33 MP: 3/3
   912 | D:2      | Found a faded altar of an unknown god.
   979 | D:2      | Reached XP level 4. HP: 37/41 MP: 4/4
  1128 | D:2      | Noticed Natasha
  1136 | D:2      | Killed Natasha
  1372 | D:2      | Noticed Natasha
  1381 | D:2      | Killed Natasha
  1382 | D:2      | Reached XP level 5. HP: 37/47 MP: 5/5
  1456 | D:2      | Noticed Natasha
  1462 | D:2      | Killed Natasha
  1573 | D:3      | Found a glowing drain.
  1573 | D:3      | Identified the scarf of Xeal Cia {repulsion, Harm Int+3}
  1604 | Sewer    | Entered a sewer
  1692 | Sewer    | Reached skill level 5 in Axes
  1884 | Sewer    | Reached XP level 6. HP: 55/55 MP: 6/6
  2003 | Sewer    | Reached skill level 5 in Fighting
  2003 | Sewer    | Reached skill level 4 in Shields
  2254 | D:3      | Noticed Ijyb
  2256 | D:3      | Paralysed by Ijyb for 5 turns
  2266 | D:3      | Killed Ijyb
  2569 | D:3      | Found a blossoming altar of Fedhas.
  2642 | D:3      | Found a sparkling altar of Nemelex Xobeh.
  2643 | D:3      | Found a burning altar of Makhleb.
  2644 | D:3      | Found a white marble altar of Elyvilon.
  2645 | D:3      | Found a glowing silver altar of Zin.
  2837 | D:4      | Noticed Grinder
  2840 | D:4      | Paralysed by Grinder for 3 turns
  2854 | D:4      | Reached skill level 5 in Armour
  2854 | D:4      | Reached XP level 7. HP: 38/61 MP: 7/7
  2863 | D:4      | Paralysed by Grinder for 2 turns
  2879 | D:4      | Killed Grinder
  3095 | D:4      | Found a broken altar of Ashenzari.
  3446 | D:4      | Reached XP level 8. HP: 51/70 MP: 8/8
  3652 | D:4      | Found a runed translucent door.
  3653 | D:4      | Noticed Crazy Yiuf
  3799 | D:4      | Killed Crazy Yiuf
  3842 | D:5      | Entered Level 5 of the Dungeon
  3995 | D:5      | Found a radiant altar of Vehumet.
  4195 | D:5      | Found a sand-covered staircase.
  4201 | Ossuary  | Entered an ossuary
  4316 | Ossuary  | Reached skill level 10 in Axes
  4820 | D:5      | Reached XP level 9. HP: 78/78 MP: 9/9
  4898 | D:5      | Found an ancient bone altar of Kikubaaqudgha.
  5103 | D:5      | Found a staircase to the Ecumenical Temple.
  5322 | D:5      | Found a stormy altar of Qazlal.
  5322 | D:5      | Found a shimmering altar of Xom.
  5617 | D:6      | Noticed a two-headed ogre
  5635 | D:6      | Killed a two-headed ogre
  5839 | D:6      | Became a worshipper of Beogh the Brigand
  5997 | D:6      | Reached skill level 5 in Shields
  6440 | D:6      | Reached XP level 10. HP: 34/88 MP: 10/10
  6830 | D:7      | Noticed Prince Ribbit
  6856 | D:7      | Killed Prince Ribbit
  7035 | D:7      | Identified the +2 robe "Quifregg" {*Slow rN+++ Will- Dex+3}
  7542 | D:7      | Reached * piety under Beogh
  7745 | D:7      | Noticed Maurice
  7799 | D:7      | Reached skill level 1 in Invocations
  7810 | D:7      | Something stole a +1 short sword of draining
  7811 | D:7      | Something stole a lightning rod (4/4)
  7815 | D:7      | Something stole 446 gold
  7820 | D:7      | Something stole an amulet of faith
  7847 | D:7      | Maurice stole 15 gold
  7853 | D:7      | Killed Maurice
  8205 | D:7      | You fall into a shaft and drop 2 floors!
  8220 | D:9      | Noticed Psyche
  8395 | D:9      | Found Kemm's Antique Weapon Shop.
  8934 | D:8      | Reached ** piety under Beogh
  9251 | D:8      | Reached XP level 11. HP: 89/97 MP: 13/13
  9314 | D:8      | Noticed a cyclops
  9686 | D:8      | Killed a cyclops
  9687 | D:8      | Reached skill level 15 in Axes
  9891 | D:8      | Identified the amulet "Golipp" {Reflect -Cast Fly rF+++
                  | SH+5}
 10248 | D:9      | Killed Psyche
 10282 | D:9      | Found Ruxoejaf's Assorted Antiques.
 10292 | D:9      | Bought a potion of invisibility for 216 gold pieces
 10318 | D:9      | Found Joichutt's Antique Armour Shop.
 10328 | D:9      | Bought a pair of embroidered gloves for 202 gold pieces
 10403 | D:9      | Noticed a two-headed ogre
 10421 | D:9      | Killed a two-headed ogre
 10422 | D:9      | Reached skill level 10 in Fighting
 10690 | D:9      | Reached skill level 10 in Armour
 10694 | D:9      | Reached skill level 5 in Invocations
 10830 | D:9      | Identified the +4 sling of the Throat {drain, Int+2}
 10870 | D:9      | Found Bubeeq's Book Shop.
 10884 | D:9      | Upgraded the game from 0.31-b1-22-gc680215f68 to 0.31.0
 11572 | D:10     | Entered Level 10 of the Dungeon
 11572 | D:10     | Found a snail-covered altar of Cheibriados.
 11574 | D:10     | Noticed Urug
 11670 | D:10     | Noticed a brown ugly thing
 11688 | D:10     | Killed a brown ugly thing
 11800 | D:10     | Killed Urug
 12073 | D:10     | Found a staircase to the Orcish Mines.
 12091 | D:10     | Reached skill level 1 in Maces & Flails
 12119 | D:10     | Reached *** piety under Beogh
 12507 | D:10     | Reached XP level 12. HP: 44/106 MP: 10/17
 12688 | D:10     | Found a staircase to the Lair.
 12842 | D:10     | Noticed an entropy weaver
 12859 | D:10     | Noticed Erolcha
 12872 | D:10     | Killed Erolcha
 13009 | D:10     | Identified the +8 hand axe "Bukaz" {flame, ^Contam rC+
                  | rN+++ Stlth+}
 13018 | D:10     | Reached skill level 5 in Maces & Flails
 13275 | Orc:1    | Entered Level 1 of the Orcish Mines
 13291 | Orc:1    | Noticed a two-headed ogre
 13300 | Orc:1    | Killed a two-headed ogre
 13442 | Orc:1    | Reached skill level 6 in Shields
 13550 | Orc:1    | Noticed an orc warlord
 13564 | Orc:1    | Killed an orc warlord
 13565 | Orc:1    | Reached **** piety under Beogh
 14358 | D:11     | Reached skill level 7 in Shields
 14902 | D:11     | Found a roughly hewn altar of Beogh.
 15113 | D:12     | Noticed a boulder beetle
 15143 | D:12     | Killed a boulder beetle
 15143 | D:12     | Gained Boghold as an ally
 15299 | D:12     | Reached skill level 8 in Shields
 15413 | D:12     | Found a large runed translucent door.
 15414 | D:12     | Found a large runed translucent door.
 15422 | D:12     | Noticed Uvvog's ghost (journeyman GnNe)
 15544 | D:12     | Noticed a two-headed ogre
 15552 | D:12     | Killed a two-headed ogre
 15630 | D:12     | Reached skill level 9 in Shields
 15634 | D:12     | Noticed a centaur warrior
 15648 | D:12     | Killed a centaur warrior
 15648 | D:12     | Reached ***** piety under Beogh
 15649 | D:12     | Reached XP level 13. HP: 85/113 MP: 1/18
 15660 | D:12     | Your ally Boghold died
 15806 | D:12     | Reached skill level 10 in Shields
 16050 | D:12     | Found a basalt altar of Yredelemnul.
 16405 | D:12     | Killed Uvvog's ghost
 16406 | D:12     | Reached skill level 11 in Shields
 16414 | D:12     | Identified the ring of Tinadd {Fire rPois}
 16596 | Lair:1   | Entered Level 1 of the Lair of Beasts
 16625 | Lair:1   | Gained Bogwik as an ally
 16662 | Lair:1   | Reached skill level 12 in Shields
 16943 | Lair:1   | Gained mutation: You are dopey. (Int -2) [potion of
                  | mutation]
 16944 | Lair:1   | Lost mutation: You are dopey. (Int -2) [potion of mutation]
 16944 | Lair:1   | Gained mutation: Your spells are a little harder to cast,
                  | but a little more powerful. [potion of mutation]
 17384 | Lair:2   | Reached skill level 13 in Shields
 17856 | Lair:2   | Reached ****** piety under Beogh
 17857 | Lair:2   | Reached skill level 14 in Shields
 18255 | Lair:2   | Noticed a dire elephant
 18255 | Lair:2   | Noticed a dire elephant
 18277 | Lair:2   | Found a runed translucent door.
 19048 | D:13     | Reached XP level 14. HP: 58/121 MP: 6/19
 19282 | D:13     | Reached skill level 15 in Shields
 19470 | D:13     | Found a stormy altar of Qazlal.
 19753 | D:13     | Found a gate to the Vaults.
 20163 | Orc:2    | Entered Level 2 of the Orcish Mines
 20256 | Orc:2    | Found a staircase to the Elven Halls.
 20337 | Orc:2    | Noticed Rupert
 20341 | Orc:2    | Reached skill level 16 in Shields
 20348 | Orc:2    | Killed Rupert
 20351 | Orc:2    | Gained Blodwig as an ally
 20352 | Orc:2    | Found Motsonos's Book Shoppe.
 20352 | Orc:2    | Found Piosil's Book Shop.
 20353 | Orc:2    | Found Zusos's Weapon Shop.
 20353 | Orc:2    | Found Xastaopt's Armour Emporium.
 20370 | Orc:2    | Gained Gorg as an ally
 21143 | Lair:3   | Found a staircase to the Swamp.
 21431 | Lair:3   | Found a staircase to the Snake Pit.
 21721 | Lair:3   | Reached skill level 17 in Shields
 22665 | Lair:4   | Reached XP level 15. HP: 125/130 MP: 17/20
 22949 | Lair:4   | Gained Urtork as an ally
 24027 | Lair:5   | Entered Level 5 of the Lair of Beasts
 24825 | Lair:5   | Found a staircase to the Slime Pits.
 24825 | Lair:5   | Found a viscous altar of Jiyva.
 24893 | Lair:5   | Reached skill level 10 in Maces & Flails
 25800 | Lair:5   | Identified the serpent talisman of the Eternal Void {Fly
                  | rF++}
 26216 | D:9      | Bought a runed crystal plate armour for 2241 gold pieces
 26408 | Snake:1  | Entered Level 1 of the Snake Pit
 26408 | Snake:1  | Noticed Louise
 27398 | D:14     | Noticed Kirke
 27412 | D:14     | Reached skill level 10 in Invocations
 27427 | D:14     | Killed Kirke
 28089 | D:14     | Noticed Frances
 28102 | D:14     | Killed Frances
 28486 | D:15     | Entered Level 15 of the Dungeon
 28614 | D:15     | Reached XP level 16. HP: 136/139 MP: 21/24
 29085 | D:15     | Found a staircase to the Depths.
 29798 | Swamp:1  | Entered Level 1 of the Swamp
 29827 | Swamp:1  | Your ally Blodwig died
 30210 | Swamp:1  | Got the Almanac of Hurtful Ceraunoscopy
 30416 | Swamp:1  | Noticed Jorgrun
 30420 | Swamp:1  | Killed Jorgrun
 31392 | Swamp:2  | Identified the +0 robe "Kovaacs" {^Drain rElec rC- Dex+8}
 31731 | Swamp:2  | Noticed a thorn hunter
 31743 | Swamp:2  | Killed a thorn hunter
 31744 | Swamp:2  | Reached skill level 15 in Armour
 32587 | Swamp:3  | Found a runed translucent door.
 32589 | Swamp:3  | Noticed Gokhumny's ghost (adept GnFi)
 32602 | Swamp:3  | Killed Gokhumny's ghost
 32610 | Swamp:3  | Identified the staff of Fedhas's Displeasure {rPois rC+
                  | Ice}
 32888 | Swamp:4  | Entered Level 4 of the Swamp
 33475 | Swamp:4  | Reached XP level 17. HP: 86/148 MP: 10/27
 33501 | Swamp:4  | Your ally Gorg died
 33587 | Swamp:4  | Constricted to death by a shambling mangrove

Illustrated notes

Levels and vault maps discovered:
D:1:      psy_arrival_statuary, layout_rooms, minmay_misc_feat_encased,
          minmay_tiny_reverse_x
D:2:      layout_loops_cross, basic_ecumenical_altar, uniq_natasha
D:3:      cheibrodos_greedy_goblins, layout_loops_ring,
          mainiacjoe_overflow_alcove_3, general_overflow_altar,
          portal_sewer_entry_a, minmay_misc_feat_cross, feat_on_display,
          uniq_ijyb
D:4:      layout_rooms, evilmike_ruin_ashenzari, kennysheep_crisscross,
          uniq_grinder, uniq_crazy_yiuf_cottage
D:5:      layout_loops_corners, vehumet_crystals, kiku_gazebo_garden_becter,
          amethyst_overflow_temple_binary, minmay_temple_entry_from_below_a,
          nicolae_ossuary_entry_plus, kennysheep_pointless_box,
          hangedman_decor_lopped
D:6:      layout_loops_corners
D:7:      layout_basic, minmay_misc_feat_plants, nicolae_have_a_lightning_rod,
          uniq_maurice, uniq_prince_ribbit1
D:8:      layout_rooms
D:9:      layout_layer_cave, serial_shops, nicolae_square_shop,
          nicolae_shop_pleasant_corner_grove, shop,
          nicolae_shop_overgrown_old_shop, uniq_psyche
D:10:     layout_loops_ring, overflow_temple_1_default, erik_lair_dragon,
          kennysheep_orc_monster_closet_entryway, minivault_12, uniq_urug,
          uniq_erolcha
D:11:     layout_roguey [special_room_orc]
D:12:     layout_rooms, ebering_ghost_disaster_area, roadster_trireme
D:13:     layout_loops_cross, hellmonk_vaults_order_and_chaos,
          grunt_qazlal_sundering
D:14:     layout_stronghold, uniq_frances, uniq_kirke
D:15:     grunt_enter_depths_snipers, layout_grid_maze, serial_bayou_pond_c
Lair:1:   layout_cave_shapes, special_room [special_room_bee]
Lair:2:   gammafunk_lair_enchanted_lake, layout_cave_pods, grunt_megastairs_2
Lair:3:   layout_cave_pods, swamp_mist, alex1729_snake_entry_snake
Lair:4:   layout_cave_pods, nicolae_quartered_pool_little,
          minmay_shattered_shrine, serial_bayou_shore_b
Lair:5:   hangedman_lair_in_review, layout_long_grid, wormcave, slime_entry_1,
          gauntlet_entry_generic
Swamp:1:  layout_basic_swamp, nicolae_swamp_long_stream, uniq_jorgrun
Swamp:2:  layout_basic_swamp, evilmike_swamp_ruin_house_5
Swamp:3:  layout_falls_marsh, ebering_ghost_reflecting_pool,
          evilmike_swamp_ruin_house_1
Swamp:4:  byrel_swamp_growth_death_and_undeath, layout_basic_swamp
Snake:1:  layout_cave_pods, serial_shops, nicolae_shop_back_alley_shop,
          uniq_nikola, uniq_louise, uniq_aizul
Orc:1:    layout_caves, special_room [special_room_orc], uniq_erica
Orc:2:    st_orc_ogre_mass, layout_diamond_mine, uniq_rupert

Skill      XL: |  1  2  3  4  5  6  7  8  9 10 11 12 13 14 15 16 17 |
---------------+----------------------------------------------------+-----
Fighting       | 4 5 6 8 9 10 11 12 13 | 13.0
Axes           | 3 4 5 6 8 10 12 14 16 | 16.0
Armour         | 4 5 6 8 9 10 11 12 13 15 | 15.7
Shields        | 4 5 9 14 17 | 17.5
Invocations    | 3 7 10 13 14 | 14.1
Maces & Flails | 3 8 11 12 | 12.6
Stealth        | |  0.8
Evocations     | |  0.3

Action                     |  1- 3 |  4- 6 |  7- 9 | 10-12 | 13-15 | 16-18 || total
---------------------------+-------+-------+-------+-------+-------+-------++-------
  Melee: War axe           |    75 |   221 |   378 |   670 |   748 |   343 ||  2435
         Eveningstar       |       |       |       |    76 |       |       ||    76
  Throw: Dart              |       |     7 |    10 |    22 |       |       ||    39
         Boomerang         |       |       |       |     7 |       |       ||     7
 Invoke: Convert to Beogh  |       |       |     1 |       |       |       ||     1
         Smiting           |       |       |       |     1 |     2 |     5 ||     8
         Recall Orcish Fol |       |       |       |       |    10 |     2 ||    12
         Give Item to Name |       |       |       |       |     3 |       ||     3
         Resurrection      |       |       |       |       |       |     2 ||     2
  Evoke: Phantom mirror    |       |       |     1 |       |     1 |       ||     2
         Lightning rod     |       |       |       |     1 |     3 |       ||     4
         Wand              |       |       |       |     1 |       |       ||     1
    Use: Potion            |       |       |     5 |     8 |     8 |     7 ||    28
         Scroll            |       |       |    10 |    11 |     6 |     4 ||    31
   Stab: Sleeping          |       |       |     2 |     5 |     3 |       ||    10
         Distracted        |       |       |       |     1 |    13 |       ||    14
         Petrified         |       |       |       |       |    25 |       ||    25
 Armour: Scale mail        |    60 |   153 |   117 |       |       |       ||   330
         Shadow dragon sca |       |       |   108 |   565 |   511 |       ||  1184
         Skin              |       |       |     5 |       |       |       ||     5
         Crystal plate arm |       |       |       |       |    80 |   390 ||   470
  Dodge: Dodged            |    27 |   100 |   101 |   231 |   179 |    70 ||   708
  Block: Buckler           |    13 |    45 |    49 |   130 |       |       ||   237
         Kite shield       |       |       |       |   146 |   647 |   325 ||  1118
         Reflection        |       |       |       |    10 |    19 |    13 ||    42
